 Dungeon Crawl Stone Soup version 0.27-a0-1555-g0e7b3fb1d2 (webtiles) character file.

Game seed: 1050148049931914798

4909 funkygono the Thaumaturge (level 10, -5/64 HPs)
             Began as a Djinni Fire Elementalist on July 14, 2021.
             Slain by a yak (14 damage)
             ... on level 9 of the Dungeon.
             The game lasted 00:23:39 (11493 turns).

funkygono the Thaumaturge (DjFE)                   Turns: 11493, Time: 00:23:39

Health: -5/64      AC:  5    Str:  7    XL:     10   Next: 80%
Gold:   422        EV: 14    Int: 19    God:
                   SH:  5    Dex: 15

rFire    + + .     SeeInvis .   y - +2 long sword
rCold    . . .     Faith    .   (no shield)
rNeg     + . .     Spirit   .   F - +1 robe {rC+}
rPois    ∞         Reflect  +   s - +0 helmet
rElec    .         Harm     .   (no cloak)
rCorr    .         Rampage  .   c - +0 pair of gloves
Will     ++...                  (boots unavailable)
Stlth    ++........             J - amulet of reflection
HPRegen  0.20/turn              v - ring of positive energy
MPRegen  0.00/turn              A - ring of willpower

@: radiating poison, flying
A: sickness immunity, fire resistance 2, cold vulnerability 1, float, innate
caster, hp casting, extra vitality 1
a: no special abilities


You were on level 9 of the Dungeon.
You visited 1 branch of the dungeon, and saw 9 of its levels.

You collected 422 gold pieces.

Inventory:

Hand Weapons
 y - a +2 long sword (weapon)
 G - a +3 morningstar of protection
Armour
 c - a +0 pair of gloves (worn)
 r - a +0 chain mail
 s - a +0 helmet (worn)
 w - a +0 buckler
 F - a +1 robe of cold resistance (worn)
Magical Staves
 g - a staff of poison
Jewellery
 v - a ring of positive energy (left hand)
 A - a ring of willpower (right hand)
 J - an amulet of reflection (around neck)
Wands
 z - a wand of iceblast (6)
 B - a wand of polymorph (11)
Scrolls
 b - 2 scrolls of magic mapping
 d - a scroll of identify
 e - 5 scrolls of fog
 p - 2 scrolls of torment
 x - 3 scrolls of teleportation
 C - a scroll of fear
 K - a scroll of blinking
Potions
 a - a potion of haste {unknown}
 f - 4 potions of might
 i - 4 potions of lignification
 j - 2 potions of attraction
 k - a potion of flight {unknown}
 l - 5 potions of curing
 n - 3 potions of heal wounds
 o - 2 potions of brilliance
 u - a potion of berserk rage {unknown}
 D - a potion of magic {unknown}
 I - a potion of mutation {unknown}


   Skills:
 + Level 2.1 Fighting
 + Level 0.9(1.5) Short Blades
 + Level 1.8(1.9) Long Blades
 + Level 4.9 Dodging
 - Level 1.5 Stealth
 + Level 0.6 Shields
 + Level 11.1 Spellcasting


You had 6 spell levels left.
You knew the following spells:

 Your Spells              Type           Power      Damage    Failure   Level
a - Foxfire               Conj/Fire      100%       2x1d9     1%          1
b - Conjure Flame         Conj/Fire      51%        6-21      1%          3
c - Inner Flame           Hex/Fire       51%        N/A       1%          3
d - Sticky Flame          Conj/Fire      51%        2d7       1%          4
e - Fireball              Conj/Fire      25%        3d11      1%          5
f - Summon Small Mammal   Summ           100%       N/A       1%          1
g - Poisonous Vapours     Pois/Air       100%       N/A       1%          2
h - Blink                 Tloc           N/A        N/A       1%          2
i - Olgreb's Toxic Radia  Pois           51%        N/A       1%          4
Your spell library was empty.

Dungeon Overview and Level Annotations

Branches:
Dungeon (9/15)             Temple (0/1) D:6            Lair (0/6) D:8
    Orc: D:9-12

Altars:
Qazlal

Shops:
D:1 !(*(:   D:4 :


Innate Abilities, Weirdness & Mutations

You are immune to sickness and miasma.
You are immune to poison.
Your flesh is very heat resistant. (rF++)
You are vulnerable to cold. (rC-)
You float through the air rather than walking.
You learn spells naturally, not from books.
Your magical power is your life essence.
You have superior vitality. (+4 HP)


Message History

Your rat's corpse disappears in a puff of smoke!
You swap places.
A yak comes into view.
Your quokka bites the yak but does no damage.
Your quokka bites the yak but does no damage.
A centaur warrior opens the door.
The centaur warrior shoots an arrow.
The arrow hits your quokka!
Your quokka dies!
Your quokka's corpse disappears in a puff of smoke!
Casting: Summon Small Mammal (safe; 1% risk of failure)
Confirm with . or Enter, or press ? or * to list all spells.
Aiming: Poisonous Vapours (safe; 1% risk of failure)
Press: ? - help, Dir - move target, f/p - centaur warrior
Aim: a centaur warrior, wielding a +0 shortbow and quivering arrows (severely wounded, very poisoned) Poisonous vapours surround the centaur warrior!
The centaur warrior looks as sick as possible!
Casting: Poisonous Vapours (safe; 1% risk of failure)
Confirm with . or Enter, or press ? or * to list all spells.
Aiming: Poisonous Vapours (safe; 1% risk of failure)
Press: ? - help, Dir - move target, f/p - centaur warrior
Aim: a centaur warrior, wielding a +0 shortbow and quivering arrows (severely wounded, extremely poisoned) Poisonous vapours surround the centaur warrior!
The centaur warrior looks as sick as possible!
Unknown command.
Casting: Poisonous Vapours (safe; 1% risk of failure)
Confirm with . or Enter, or press ? or * to list all spells.
You begin to radiate toxic energy.
The yak is poisoned. x3
The yak looks even sicker.
The centaur warrior looks as sick as possible!
The yak gores you!
* * * LOW HITPOINT WARNING * * *
Casting: Olgreb's Toxic Radiance (dangerous; 1% risk of failure)
Confirm with . or Enter, or press ? or * to list all spells.
Your toxic radiance grows in intensity.
The yak looks even sicker. x2
The centaur warrior looks as sick as possible!
* * * LOW HITPOINT WARNING * * *
The yak looks even sicker. x2
You kill the centaur warrior!
The yak gores you!
You die...

..# ..# #.# ..# #.#
#######.##
......>..#
###'#########.#
#Y.§)Y..Y)YY@.#
#...Y#..########.##
... #..# #...<# #
....# ###### ####.#
..# ###


You could see 4 yaks.

Vanquished Creatures
  A two-headed ogre (D:5)
  A centaur warrior (D:9)
  Pikel (D:6)
  A troll (D:8)
  A wyvern (D:7)
  6 yaks
  Duvessa (D:7)
  An ice beast (D:6)
  2 water moccasins
  2 black bears
  An orc warrior (D:6)
  A sky beast (D:6)
  2 centaurs
  A kobold brigand (D:8)
  2 lemures (D:6)
  2 phantoms (D:6)
  3 bullfrogs
  3 scorpions
  A water moccasin zombie (D:6)
  Dowan (D:7)
  A water moccasin skeleton (D:5)
  2 electric eels (D:8)
  3 wights (D:7)
  2 orc priests
  A jelly (D:6)
  A bullfrog skeleton (D:7)
  A gnoll shaman (D:4)
  3 hounds
  Terence (D:2)
  2 iguanas (D:5)
  8 orc wizards
  A killer bee zombie (D:8)
  Robin (D:2)
  A howler monkey zombie (D:5)
  4 gnolls (D:4)
  5 adders
  2 shadow imps
  2 white imps
  An adder skeleton (D:4)
  A worm (D:4)
  3 dart slugs
  8 orcs
  5 ball pythons
  2 bats (D:3)
  4 endoplasms
  4 giant cockroaches
  10 hobgoblins
  3 jackals (D:5)
  11 kobolds
  4 quokkas
  4 frilled lizards
  15 goblins
  5 rats
155 creatures vanquished.

Vanquished Creatures (collateral kills)
  A kobold (D:2)
1 creature vanquished.

Vanquished Creatures (others)
  486 foxfires
486 creatures vanquished.

Grand Total: 642 creatures vanquished

Notes
Turn   | Place    | Note
-------+----------+-------------------------------------------
     0 | D:1      | funkygono the Djinni Fire Elementalist began the quest for
                  | the Orb.
     0 | D:1      | Reached XP level 1. HP: 15/15 MP: 0/0
    55 | D:1      | Found Xepryph's Weapon Emporium.
   215 | D:1      | Reached XP level 2. HP: 19/21 MP: 0/0
   350 | D:1      | Found Sinkacask's Book Shop.
   529 | D:1      | Found Leokuat's Distillery.
   775 | D:1      | Found Gegiullito's Antique Weapon Boutique.
   868 | D:1      | Found Fehasmesee's General Store.
   992 | D:2      | Reached skill level 3 in Spellcasting
  1000 | D:2      | Reached XP level 3. HP: 7/25 MP: 0/0
  1000 | D:2      | Learned a level 1 spell: Summon Small Mammal
  1353 | D:2      | Found a faded altar of an unknown god.
  1686 | D:2      | Noticed Terence
  1705 | D:2      | Killed Terence
  1706 | D:2      | Reached XP level 4. HP: 7/31 MP: 0/0
  2122 | D:2      | Noticed Robin
  2213 | D:2      | Killed Robin
  2973 | D:3      | Reached skill level 4 in Spellcasting
  2973 | D:3      | Reached XP level 5. HP: 32/35 MP: 0/0
  2973 | D:3      | Learned a level 2 spell: Poisonous Vapours
  3953 | D:4      | Reached XP level 6. HP: 34/40 MP: 0/0
  4080 | D:4      | Found Cunom's Book Boutique.
  4128 | D:4      | Reached skill level 5 in Spellcasting
  4580 | D:4      | Noticed a water moccasin
  4584 | D:4      | Killed a water moccasin
  4585 | D:4      | Reached XP level 7. HP: 43/46 MP: 0/0
  4585 | D:4      | Learned a level 2 spell: Blink
  4724 | D:5      | Entered Level 5 of the Dungeon
  4781 | D:5      | Noticed a two-headed ogre
  4823 | D:5      | Killed a two-headed ogre
  4824 | D:5      | Reached skill level 7 in Spellcasting
  4824 | D:5      | Reached XP level 8. HP: 40/51 MP: 0/0
  5073 | D:5      | Reached skill level 1 in Fighting
  5537 | D:5      | Reached skill level 8 in Spellcasting
  5537 | D:5      | Reached XP level 9. HP: 30/57 MP: 0/0
  5537 | D:5      | Learned a level 4 spell: Olgreb's Toxic Radiance
  6320 | D:6      | Found a stormy altar of Qazlal.
  6607 | D:6      | Found a staircase to the Ecumenical Temple.
  6661 | D:6      | Noticed Pikel
  6692 | D:6      | Killed Pikel
  6693 | D:6      | Reached skill level 9 in Spellcasting
  8261 | D:7      | Reached XP level 10. HP: 54/64 MP: 0/0
  8481 | D:7      | Reached skill level 10 in Spellcasting
  8683 | D:7      | Noticed Duvessa
  8694 | D:7      | Killed Duvessa
  8887 | D:7      | Noticed Dowan
  8891 | D:7      | Killed Dowan
  9821 | D:8      | Reached skill level 1 in Long Blades
 10940 | D:8      | Reached skill level 11 in Spellcasting
 10987 | D:8      | Found a staircase to the Lair.
 11474 | D:9      | Noticed a centaur warrior
 11493 | D:9      | Killed a centaur warrior
 11493 | D:9      | Slain by a yak

Illustrated notes

Levels and vault maps discovered:
D:1:      sevenhm_arrival_forest_fort_small_4, layout_loops_ring, serial_shops,
          shop, shop, nicolae_diamond_shop, shop_statue,
          nicolae_shop_window_shopping
D:2:      layout_basic, ebering_ecumenical_altar_abandoned, uniq_robin,
          uniq_terence
D:3:      layout_rooms
D:4:      layout_cave_pools, serial_shops, nicolae_shop_window_shopping,
          chequers_serial_rivers_large_b, st_stairs_6
D:5:      layout_loops_ring
D:6:      layout_layer_cave, nicolae_qazlal_eye_of_the_storm,
          minmay_temple_entry_slanted, uniq_pikel
D:7:      layout_basic, uniq_duvessa
D:8:      layout_basic, lair_entry_dummy, hangedman_decor_slide_cut
D:9:      layout_basic, doesnt_shop_hydraphobe

Skill      XL: |  1  2  3  4  5  6  7  8  9 10 |
---------------+-------------------------------+-----
Spellcasting   | 3 4 5 7 8 9 11 | 11.1
Dodging        | 3 4 |  4.9
Fighting       | 1 2 |  2.1
Long Blades    | 1 |  1.8
Short Blades   | |  0.9
Stealth        | |  1.5
Shields        | |  0.6

Action                   |  1- 3 |  4- 6 |  7- 9 | 10-12 || total
-------------------------+-------+-------+-------+-------++-------
Melee: Unarmed           |     2 |       |       |       ||     2
       Dagger            |       |     4 |     5 |       ||     9
       Short sword       |       |     1 |       |       ||     1
       Long sword        |       |       |       |    13 ||    13
 Cast: Foxfire           |    56 |   102 |    78 |    49 ||   285
       Summon Small Mamm |     5 |     2 |       |     4 ||    11
       Poisonous Vapours |       |     9 |    27 |    33 ||    69
       Sticky Flame      |       |       |    14 |    14 ||    28
       Olgreb's Toxic Ra |       |       |     5 |     2 ||     7
       Fireball          |       |       |     2 |     5 ||     7
       Blink             |       |       |       |     2 ||     2
       Conjure Flame     |       |       |       |     1 ||     1
  Use: Scroll            |       |     7 |     8 |     4 ||    19
Armor: Robe              |     4 |     3 |     3 |     8 ||    18
Dodge: Dodged            |    11 |     8 |    15 |    32 ||    66
Block: Other             |       |       |       |    11 ||    11
       Reflection        |       |       |       |     1 ||     1
       Rpst.: Long sword |       |       |       |    10 ||    10

Table legend: (Time is in decaauts)
 A = Elapsed time spent in this place.
 B = Non-inter-level travel time spent in this place.
 C = Inter-level travel time spent in this place.
 D = Time resting spent in this place.
 E = Time spent auto-exploring this place.
 F = Levels seen in this place.
 G = Mean time per level.
                   A        B        C        D        E       F      G
               +--------+--------+--------+--------+--------+-----+--------+
         Total |  11495 |  11243 |    252 |   1499 |   8248 |   9 | 1277.2 |
       Dungeon |  11495 |  11243 |    252 |   1499 |   8248 |   9 | 1277.2 |
               +--------+--------+--------+--------+--------+-----+--------+

Top non-repeatable levels by time:
     D:6: 1930 daAuts
     D:8: 1864 daAuts
     D:2: 1833 daAuts
     D:5: 1595 daAuts
     D:7: 1204 daAuts
     D:1: 982 daAuts
     D:3: 974 daAuts
     D:4: 932 daAuts
     D:9: 176 daAuts
